AoeStats
← Red Calypso

African Clearing

504868437Analyzed
4v4 RM · 26d ago on Sep 6, 2026· 61m 48s· 8 players
Game mode
Random Map
Map size
Large (8 player)
Population
200
Speed
Normal
Resources
Standard
Victory
Conquest
Starting age
Dark Age
Ending age
Imperial Age
RankedLock teamsTeams togetherTeam positionsShared explorationLock speedFull tech treeHidden civsTurbo modeCheats
Victory
Defeat
🇲🇽 Mongols · Mexico
1375
+17
🇮🇹 Koreans · Italy
1362
+18
🇦🇷 Gurjaras · Argentina
1350
+18
🇨🇳 Franks · China
1348
+19
🇩🇪 Poles · Germany
1453
-20
🇩🇪 Slavs · Germany
1427
-19
🇩🇪 Hindustanis · Germany
1381
-17
🇦🇹 Bengalis · Austria
1355
-16
HaloWeen
6:43 Loom
14:20 Feudal Age
20:05 Castle Age
20:04 Double-Bit Axe
20:00 Horse Collar
29:59 Fletching
32:17 Wheelbarrow
32:19 Bow Saw
35:32 Hand Cart
35:57 Heavy Plow
36:49 Gold Mining
36:36 Light Cavalry
37:28 Bloodlines
37:21 Town Watch
37:42 Bodkin Arrow
40:43 Imperial Age
38:23 Husbandry
38:36 Padded Archer Armor
40:35 Leather Archer Armor
41:01 Ballistics
41:22 Scale Barding Armor
41:28 Forging
40:47 Elite Mangudai
41:29 Bracer
42:21 Parthian Tactics
43:26 Chemistry
43:45 Chain Barding Armor
44:01 Iron Casting
44:08 Thumb Ring
45:11 Conscription
45:00 Capped Ram
45:14 Hussar
46:56 Blast Furnace
46:13 Town Patrol
54:22 Siege Ram
56:05 Nomads
58:09 Caravan
58:40 Coinage
58:54 Drill
62:19 Banking
GdR_Charizard
10:41 Loom
11:03 Loom
13:26 Feudal Age
15:37 Double-Bit Axe
18:15 Castle Age
18:47 Fletching
22:11 Horse Collar
23:26 Bodkin Arrow
32:52 Wheelbarrow
34:23 Hand Cart
37:35 Bow Saw
39:39 Scale Mail Armor
40:15 Gold Mining
42:26 Squires
43:21 Heavy Plow
43:55 Chain Mail Armor
46:24 Eupseong
48:25 Ballistics
47:46 Treadmill Crane
51:06 Imperial Age
50:26 Arson
51:53 Bracer
52:25 Plate Mail Armor
52:57 Chemistry
52:09 Masonry
52:24 Conscription
53:13 Two-Man Saw
52:15 Town Watch
53:12 Siege Engineers
53:26 Elite Fire Lancer
55:42 Gold Shaft Mining
55:11 Elite Skirmisher
56:08 Forging
57:50 Iron Casting
facuescudero2375
野象
6:10 Loom
14:09 Feudal Age
17:09 Wheelbarrow
19:14 Castle Age
18:40 Scale Barding Armor
23:13 Double-Bit Axe
24:34 Scale Barding Armor
24:50 Husbandry
27:49 Gold Mining
32:05 Chain Barding Armor
63:02 Imperial Age
Red Calypso
10:10 Loom
17:37 Feudal Age
18:31 Double-Bit Axe
23:10 Castle Age
21:57 Fletching
22:08 Padded Archer Armor
22:04 Horse Collar
23:54 Bodkin Arrow
24:15 Leather Archer Armor
24:08 Gold Mining
25:34 Ballistics
25:21 Husbandry
25:39 Bloodlines
26:42 Wheelbarrow
33:17 Bow Saw
38:04 Hand Cart
38:21 Scale Mail Armor
38:31 Forging
38:25 Heavy Plow
38:18 Town Watch
39:45 Squires
39:08 Pikeman
45:29 Imperial Age
44:54 Scale Barding Armor
45:24 Iron Casting
45:19 Light Cavalry
46:32 Bracer
47:04 Ring Archer Armor
47:37 Chemistry
46:00 Elite Elephant Archer
49:29 Two-Man Saw
49:02 Crop Rotation
48:55 Chain Barding Armor
50:19 Plate Barding Armor
50:45 Blast Furnace
50:38 Paiks
52:07 Mahayana
52:08 Conscription
51:19 Siege Elephant
59:03 Gold Shaft Mining
58:19 Stone Mining
60:06 Siege Engineers
LukasPlanet
6:54 Loom
Aremenius
6:44 Loom
14:40 Feudal Age
18:44 Castle Age
17:00 Double-Bit Axe
17:52 Gold Mining
17:57 Fletching
17:49 Horse Collar
31:25 Husbandry
36:06 Ballistics
36:46 Wheelbarrow
37:31 Bodkin Arrow
38:33 Bloodlines
39:15 Padded Archer Armor
42:49 Imperial Age
40:43 Scale Mail Armor
41:31 Forging
42:08 Chain Mail Armor
44:35 Chemistry
44:41 Bracer
48:09 Iron Casting
48:26 Elite Skirmisher
51:43 Blast Furnace
51:55 Hand Cart
54:19 Leather Archer Armor
4k1m
9:27 Loom
12:38 Feudal Age
13:12 Double-Bit Axe
13:12 Horse Collar
25:24 Castle Age
25:50 Bloodlines
28:35 Szlachta Privileges
30:31 Scale Barding Armor
30:37 Forging
30:40 Heavy Plow
34:37 Padded Archer Armor
35:00 Chain Barding Armor
38:27 Husbandry
39:43 Iron Casting
44:50 Bow Saw
48:32 Imperial Age
48:42 Cavalier
52:00 Conscription
52:45 Light Cavalry
53:37 Fletching
54:44 Bodkin Arrow
55:46 Ballistics
56:40 Winged Hussar
57:56 Wheelbarrow
59:14 Guard Tower
60:43 Keep
Connection lost

Rejoining the realm…

Still unreachable

The connection could not be restored.

Session expired

The server has moved on; the page needs a fresh start.